 Dungeon Crawl Stone Soup version 0.23.0 (webtiles) character file.

Game seed: 3852683324070421832

5082 Nuz the Transmogrifier (level 10, 0/88 HPs)
             Began as a Red Draconian Transmuter on Feb 16, 2019.
             Was a High Priest of Okawaru.
             Slain by an unseen horror (4 damage)
             ... on level 10 of the Dungeon.
             The game lasted 00:43:05 (13249 turns).

Nuz the Transmogrifier (Red Draconian Transmuter)  Turns: 13249, Time: 00:43:07

Health: 0/88       AC: 11    Str: 12    XL:     10   Next: 31%
Magic:  29/29      EV: 12    Int: 16    God:    Okawaru [*****.]
Gold:   806        SH:  0    Dex: 13    Spells: 11/22 levels left

rFire    + . .     SeeInvis .   E - +1 dagger (protect)
rCold    . . .     Gourm    .   (no shield)
rNeg     + + +     Faith    .   (armour unavailable)
rPois    +         Spirit   .   (helmet restricted)
rElec    .         Reflect  .   t - scarf {repulsion}
rCorr    .         Harm     .   I - +2 pair of gloves
MR       +....                  r - +0 pair of boots of Leapfrog {rPois rN++ MP+9}
Stlth    +.........             x - amulet of the acrobat
HPRegen  0.24/turn              v - ring of protection from magic
MPRegen  0.21/turn              p - ring of positive energy

@: appendage (expiring), berserk cooldown, slowed, repel missiles, very slow
A: breathe fire, unfitting armour, horns 2, fire resistance 1, cold-blooded, AC
+7
a: Breathe Fire, End Transformation, Heroism, Finesse, Renounce Religion


You were on level 10 of the Dungeon.
You worshipped Okawaru.
Okawaru was extremely pleased with you.
You were hungry.
You had grown temporary horns.
You visited 3 branches of the dungeon, and saw 12 of its levels.
You also visited: Ossuary.

You collected 806 gold pieces.

Inventory:

Hand Weapons
 E - a +1 dagger of protection (weapon)
Missiles
 a - 112 arrows
 g - 257 stones (quivered)
 m - 63 sling bullets
Armour
 r - the +0 pair of boots of Leapfrog (worn) {rPois rN++ MP+9}
   (You found it on level 5 of the Dungeon)

   It protects you from poison.
   It greatly protects you from negative energy.
   It affects your magic capacity (+9).
 t - a scarf of repulsion (worn)
 I - a +2 pair of gloves (worn)
Magical Staves
 R - an uncursed staff of energy
Jewellery
 p - a ring of positive energy (right hand)
 v - a ring of protection from magic (left hand)
 x - an amulet of the acrobat (around neck)
Wands
 e - a wand of digging (3)
 o - a wand of iceblast (17)
 z - a wand of polymorph (7)
Scrolls
 d - 4 scrolls of remove curse {@r2}
 j - 6 scrolls of teleportation
 k - a scroll of fog {unknown}
 s - a scroll of magic mapping {unknown}
 w - 2 scrolls of amnesia {unknown}
 y - a scroll of immolation {unknown}
 C - 2 scrolls of blinking {unknown}
 D - 2 scrolls of fear {unknown}
 G - a scroll of enchant armour
 H - 2 scrolls of enchant weapon
 L - a scroll of acquirement {unknown}
Potions
 f - 4 potions of brilliance
 h - 3 potions of mutation
 i - a potion of lignification
 l - 6 potions of curing {@q1}
 n - 2 potions of haste
 q - 2 potions of heal wounds
 A - 4 potions of agility
 B - 3 potions of flight
 F - a potion of might
 J - 2 potions of invisibility {unknown}
 K - a potion of ambrosia {unknown}
 N - 2 potions of resistance {unknown}
 O - a potion of cancellation {unknown}
Comestibles
 c - 13 rations


   Skills:
 + Level 8.0 Fighting
 - Level 2.2 Dodging
 + Level 7.9 Unarmed Combat
 + Level 6.9 Spellcasting
 * Level 8.6 Transmutations
 - Level 2.0 Invocations


You had 11 spell levels left.
You knew the following spells:

 Your Spells              Type           Power        Failure   Level  Hunger
a - Beastly Appendage     Tmut           ####..       1%          1    None
b - Sticks to Snakes      Tmut           ####....     1%          2    None
c - Blade Hands           Tmut           ####......   10%         5    #####..
d - Spider Form           Tmut/Pois      ###.......   6%          3    ##.....

Your spell library contained the following spells:

 Spells                   Type           Power        Failure   Level  Hunger
 Ignite Poison            Fire/Tmut/Pois ##......     12%         3    ##.....
 Animate Skeleton         Necr           N/A          13%         1    None
 Apportation              Tloc           #.....       13%         1    None
 Confusing Touch          Hex            #.....       13%         1    None
 Summon Small Mammal      Summ           #...         13%         1    None
 Ice Form                 Ice/Tmut       ###.....     22%         4    ####...
 Statue Form              Tmut/Erth      ###......    97%         6    #######


Dungeon Overview and Level Annotations

Branches:
Dungeon (10/15)            Temple (1/1) D:4            Lair (1/6) D:10
    Orc: D:9-12

Altars:
Ashenzari
Cheibriados
Dithmenos
Elyvilon
Fedhas
Gozag
Hepliaklqana
Kikubaaqudgha
Makhleb
Nemelex Xobeh
Okawaru
Qazlal
Ru
Sif Muna
Trog
Uskayaw
Vehumet
Wu Jian
Xom
Yredelemnul
Zin
The Shining One

Shops:
D:8 =   D:9 }:

Annotations:
D:8 exclusion: 2 electric eels


Innate Abilities, Weirdness & Mutations

You can breathe blasts of fire.
Your fiery red scales are hard. (AC +7)
You cannot fit into any form of body armour.
Your flesh is heat resistant. (rF+)
You are cold-blooded and may be slowed by cold attacks.
You have a pair of horns on your head.


Message History

You puncture something!
Your weapon exudes an aura of protection.
You headbutt something. You tail-slap something! Something hits you!
* * * LOW HITPOINT WARNING * * *
Something hits you but does no damage.
You closely miss something.
Your transformation is almost over.
Something hits you but does no damage.
You swing at nothing.
Something hits you but does no damage.
You miss something. You headbutt something! Something hits you.
* * * LOW HITPOINT WARNING * * *
You swing at nothing.
You are no longer berserk.
You are exhausted.
You feel yourself slow down. Something hits you but does no damage.
You swing at nothing.
Something hits you but does no damage. Something hits you!
* * * LOW HITPOINT WARNING * * *
Something hits you.
You die...

#.....#......###.....>...####...##
##...#..........+.........+.......#
..#....#.#...####.........####...##
...#...#.##..# ##.......## ##..#
....##......<# ##.....### ##.#
.#..##.#.##### #.......# ##.#
.......#.# #.#+###.# #..#
########.# #####.#.###.# #.## # #.#
#..@......#.# #.# #.# #..##.#.#.#.#
#.# #.# #.†>#.......# #.# #.#
#.###.....#######.# #.######.#
##............# #........#
##.########### ########## #.# #.#
#.#


There were no monsters in sight!

Vanquished Creatures
  Prince Ribbit (D:7)
  2 hippogriffs
  A spriggan (D:7)
  A yak (D:8)
  A hungry ghost (D:9)
  A water moccasin (D:10)
  3 orc warriors (D:9)
  A sky beast (D:6)
  2 ice beasts (D:7)
  An eye of draining (D:9)
  A phantom (D:5)
  A centaur (D:10)
  3 ogres
  A crocodile (Lair:1)
  A big kobold (D:9)
  An elf zombie (Ossuary)
  8 bullfrogs
  A gnoll sergeant (D:8)
  The ghost of MalarOregon the Changer, a weakling MfTm (D:3)
  A howler monkey (D:7)
  4 wights (D:7)
  3 crimson imps
  A quasit (D:10)
  2 centaur zombies (Ossuary)
  6 hounds
  A jelly (D:9)
  5 orc wizards
  2 centaur skeletons
  3 orc priests
  Terence (D:2)
  3 iguanas
  9 worker ants
  A big kobold zombie (Ossuary)
  2 hound zombies (Ossuary)
  A hound skeleton (D:4)
  3 mummies (Ossuary)
  3 gnolls
  5 adders
  A shadow imp (D:10)
  2 oozes
  2 adder skeletons
  3 adder zombies
  A dart slug (D:2)
  4 worms
  6 leopard geckos
  14 orcs
  A ball python (D:2)
  13 bats
  4 giant cockroaches
  12 goblins
  9 hobgoblins
  9 jackals
  11 kobolds
  2 quokkas
  2 frilled lizards
  A gnoll zombie (Ossuary)
  4 goblin zombies (Ossuary)
  3 hobgoblin zombies (Ossuary)
  5 jackal zombies (Ossuary)
  A kobold zombie (Ossuary)
  3 orc zombies (Ossuary)
  3 quokka zombies (Ossuary)
  5 rats
  5 rat zombies (Ossuary)
214 creatures vanquished.

Vanquished Creatures (collateral kills)
  A hippogriff (D:8)
  Sigmund (D:3)
  A wyvern (D:8)
  2 yaks (D:9)
  2 centaurs
  A big kobold (D:9)
  A wight (D:6)
  A howler monkey (D:9)
  A centaur zombie (D:7)
  A jelly (D:5)
  2 orc wizards (D:4)
  Ijyb (D:5)
  A worker ant (D:4)
  A worker ant zombie (D:9)
  3 adders
  A shadow imp (D:6)
  4 orcs
  A jackal (D:2)
  A quokka (D:9)
  A frilled lizard (D:3)
28 creatures vanquished.

Grand Total: 242 creatures vanquished

Notes
Turn   | Place    | Note
-------+----------+-------------------------------------------
     0 | D:1      | Nuz the Draconian Transmuter began the quest for the Orb.
     0 | D:1      | Reached XP level 1. HP: 16/16 MP: 3/3
    69 | D:1      | Reached XP level 2. HP: 23/23 MP: 3/5
   504 | D:1      | Learned a level 2 spell: Sticks to Snakes
   734 | D:2      | Reached XP level 3. HP: 29/29 MP: 4/6
   916 | D:2      | Noticed Terence
   931 | D:2      | Killed Terence
  1088 | D:2      | Learned a level 3 spell: Spider Form
  1220 | D:2      | Reached XP level 4. HP: 31/36 MP: 3/7
  2046 | D:3      | Reached XP level 5. HP: 39/42 MP: 7/9
  2072 | D:3      | Found a radiant altar of Vehumet.
  2076 | D:3      | Found a stormy altar of Qazlal.
  2080 | D:3      | Found a white marble altar of Elyvilon.
  2110 | D:3      | Found a glowing golden altar of the Shining One.
  2112 | D:3      | Found an ancient bone altar of Kikubaaqudgha.
  2112 | D:3      | Found a hazy altar of Hepliaklqana.
  2317 | D:3      | Found a shadowy altar of Dithmenos.
  2460 | D:3      | Found a large runed translucent door.
  2460 | D:3      | Found a large runed translucent door.
  2461 | D:3      | Noticed MalarOregon's ghost (weakling MfTm)
  2515 | D:3      | Found an opulent altar of Gozag.
  2515 | D:3      | Found a glowing silver altar of Zin.
  2516 | D:3      | Noticed Sigmund
  2537 | D:3      | Killed Sigmund
  2537 | D:3      | Reached XP level 6. HP: 21/51 MP: 4/10
  2735 | D:3      | Killed MalarOregon's ghost
  3063 | D:4      | Found a staircase to the Ecumenical Temple.
  3071 | Temple   | Entered the Ecumenical Temple
  3275 | Temple   | Became a worshipper of Warmaster Okawaru
  3582 | D:4      | Found a sacrificial altar of Ru.
  3656 | D:4      | Reached skill level 5 in Transmutations
  3665 | D:4      | Reached XP level 7. HP: 42/57 MP: 8/12
  3665 | D:4      | Gained mutation: Your flesh is heat resistant. (rF+) [Red
                  | Draconian growth]
  3806 | D:5      | Entered Level 5 of the Dungeon
  4228 | D:5      | Got a pair of heavily runed boots
  4234 | D:5      | Identified the +0 pair of boots of Leapfrog {rPois rN++
                  | MP+9} (You found it on level 5 of the Dungeon)
  4449 | D:5      | Reached * piety under Okawaru
  4819 | D:5      | Noticed Ijyb
  4831 | D:5      | Killed Ijyb
  5089 | D:5      | Reached skill level 5 in Unarmed Combat
  5421 | D:6      | Reached XP level 8. HP: 58/67 MP: 14/14
  5743 | D:6      | Reached skill level 5 in Fighting
  6351 | D:7      | Reached ** piety under Okawaru
  6474 | D:7      | Reached skill level 1 in Invocations
  6521 | D:7      | Reached skill level 5 in Spellcasting
  7071 | D:7      | Reached XP level 9. HP: 47/75 MP: 16/16
  7153 | D:7      | Noticed Prince Ribbit
  7172 | D:7      | Killed Prince Ribbit
  7172 | D:7      | Reached *** piety under Okawaru
  7236 | D:7      | Found a burning altar of Makhleb.
  7237 | D:7      | Found a shimmering altar of Xom.
  7853 | D:8      | Found Huameb's Jewellery Shoppe.
  8290 | D:8      | Found an opulent altar of Gozag.
  8294 | D:8      | Found a sand-covered staircase.
  8307 | Ossuary  | Entered an ossuary
  9327 | D:9      | Found Purohuvu's Book Boutique.
  9348 | D:9      | Learned a level 5 spell: Blade Hands
  9410 | D:9      | Identified Bimanloa's Disquisition on Noxious
                  | Transmigration
  9613 | D:9      | Found Onanufum's Gadget Emporium.
  9942 | D:9      | Reached **** piety under Okawaru
 10219 | D:8      | Reached XP level 10. HP: 20/88 MP: 6/19
 11084 | D:10     | Entered Level 10 of the Dungeon
 11917 | D:9      | Reached ***** piety under Okawaru
 12431 | D:10     | Found a glowing golden altar of the Shining One.
 12773 | D:10     | Found a staircase to the Lair.
 12949 | Lair:1   | Entered Level 1 of the Lair of Beasts
 13120 | Lair:1   | Noticed a five-headed hydra
 13249 | D:10     | HP: 4/88 [something (7)]
 13249 | D:10     | Slain by an unseen horror

Skill      XL: |  1  2  3  4  5  6  7  8  9 10 |
---------------+-------------------------------+-----
Fighting       | 2 3 4 6 7 8 |  8.0
Transmutations | 3 4 5 6 8 |  8.6
Unarmed Combat | 4 5 6 7 |  7.9
Spellcasting   | 3 4 5 6 |  6.9
Invocations    | 2 |  2.0
Dodging        | 2 |  2.2

Action                   |  1- 3 |  4- 6 |  7- 9 | 10-12 || total
-------------------------+-------+-------+-------+-------++-------
Melee: Unarmed           |   103 |   214 |     8 |     3 ||   328
       Headbutt          |     4 |    12 |   160 |    34 ||   210
       Tailslap          |    11 |    23 |   119 |    36 ||   189
       Kick              |     4 |    26 |       |       ||    30
       Punch             |     1 |     4 |    29 |    14 ||    48
       Dagger            |       |       |   775 |   256 ||  1031
       Staff             |       |       |    11 |       ||    11
Throw: Stone             |       |     3 |     3 |     2 ||     8
 Cast: Beastly Appendage |    12 |    26 |    67 |    15 ||   120
       Sticks to Snakes  |     3 |    19 |    56 |    21 ||    99
       Spider Form       |       |       |     1 |       ||     1
       Blade Hands       |       |       |       |     1 ||     1
Invok: Heroism           |       |       |     1 |       ||     1
 Abil: Breathe Fire      |       |       |     8 |     1 ||     9
Evoke: Wand              |       |       |    12 |     3 ||    15
  Use: Scroll            |       |       |    14 |     3 ||    17
       Potion            |       |       |     1 |     2 ||     3
 Stab: Sleeping          |       |       |     1 |       ||     1
       Distracted        |       |       |     3 |     1 ||     4
  Eat: Chunk             |     2 |     9 |    21 |     4 ||    36
       Ration            |       |       |     2 |     2 ||     4
Armor: Skin              |    55 |    56 |   399 |   160 ||   670
Dodge: Dodged            |   100 |   127 |   513 |   247 ||   987
       Deflected         |       |       |     6 |     1 ||     7
